 Dungeon Crawl Stone Soup version 0.29-a0-243-g602b31c20e (webtiles) character file.

Game seed: 1230146001660774420

65 sammy202020 the Cudgeller (level 3, 0/46 HPs)
             Began as a Palentonga Berserker on Mar 5, 2022.
             Was a Believer of Trog.
             Slain by a rat (2 damage)
             ... on level 3 of the Dungeon.
             The game lasted 00:03:06 (1981 turns).

sammy202020 the Cudgeller (Palentonga Berserker)    Turns: 1981, Time: 00:03:06

Health: 0/46       AC:  7    Str: 20    XL:     3   Next: 94%
Magic:  3/3        EV:  6    Int:  9    God:    Trog [**....]
Gold:   73         SH:  0    Dex:  9    Spells: 2/2 levels left

rFire   . . .      SeeInvis +   a - +0 mace
rCold   . . .      Faith    .   (no shield)
rNeg    . . .      Spirit   .   d - +0 chain mail
rPois   .          Reflect  .   (no helmet)
rElec   .          Harm     .   (no cloak)
rCorr   .          Rampage  .   (no gloves)
Will    ++...                   (no barding)
Stlth   ..........              (no amulet)
HPRegen 1.15/turn               (no ring)
MPRegen 0.08/turn               (no ring)

@: berserking, lethally poisoned (0 -> -1), strong-willed, regenerating, very
quick
A: large, rugged brown scales 3, see invisible, deformed body, roll 1, armoured
tail
a: Rolling Charge, Renounce Religion, Berserk, Trog's Hand


You were on level 3 of the Dungeon.
You worshipped Trog.
Trog was pleased with you.
You visited 1 branch of the dungeon, and saw 3 of its levels.

You collected 73 gold pieces.

Inventory:

Hand Weapons
 a - a +0 mace (weapon)
Armour
 b - a +0 animal skin
 d - a +0 chain mail (worn)
Scrolls
 c - a scroll of blinking {unknown}
 f - a scroll of enchant weapon {unknown}
 g - a scroll of identify {unknown}
 h - a scroll of vulnerability {unknown}
 i - a scroll of noise {unknown}
Potions
 e - a potion of might {unknown}


   Skills:
 + Level 3.5 Fighting
 + Level 3.5 Maces & Flails
 + Level 2.2 Armour
 + Level 2.2 Dodging


You had 2 spell levels left.
You didn't know any spells.
Your spell library was empty.

Dungeon Overview and Level Annotations

Branches:
Dungeon (3/15)

Altars:


Innate Abilities, Weirdness & Mutations

You are completely covered in rugged brown scales. (AC +3, +7% HP)
You have supernaturally acute eyesight. (SInv)
Armour fits poorly on your strangely shaped body.
You can roll at nearby foes to attack.
You have a long armoured tail.


Message History

You are poisoned.
The adder poisons you! The rat bites you but does no damage.
The orc hits you but does no damage. The adder closely misses you.
You closely miss the adder.
You feel sick.
The adder bites you but does no damage. x2
The rat bites you but does no damage. The orc hits you but does no damage.
You hit the adder. You tail-slap the adder!
You kill the adder!
Trog accepts your kill.
You feel sick. The adder bites you.
* * * LOW HITPOINT WARNING * * *
You are more poisoned.
The adder poisons you! The rat completely misses you.
The orc hits you with a +0 whip.
* * * LOW HITPOINT WARNING * * *
You hit the adder but do no damage.
The adder is heavily wounded.
You feel sick. The adder bites you but does no damage.
The rat bites you but does no damage.
You barely miss the adder.
The adder is heavily wounded.
You feel sick. The adder bites you.
* * * LOW HITPOINT WARNING * * *
The orc closely misses you. The adder bites you but does no damage.
You sock the adder!
You kill the adder!
Trog accepts your kill.
You feel sick. The rat closely misses you. The orc hits you but does no damage.
You closely miss the goblin.
You feel sick. The rat bites you but does no damage. The orc barely misses you.
The goblin barely misses you.
You closely miss the goblin.
Your tail-slap misses the goblin.
Your punch misses the goblin.
You feel sick. The rat bites you but does no damage. The orc barely misses you.
The goblin hits you but does no damage.
You sock the goblin!
You kill the goblin!
Trog accepts your kill.
You feel sick. The rat bites you.
You die...

#........ #......#
..... ###......#
.... #........# ...
. ###.......# #..#
..
#.........##..##...
##.....$......#.....
#...>.......)r......
#...........@.......
#.....)......o#.....
#......<........$...
#......##..##.#.....
#...?#........#.....
#....#......### ....
#............. ...
#####.#....###. ...
#.####..


You could see an orc and a rat.

Vanquished Creatures
  2 adders (D:3)
  A dart slug (D:1)
  4 endoplasms
  2 giant cockroaches (D:1)
  4 goblins
  3 hobgoblins
  6 jackals
  2 kobolds (D:2)
  3 quokkas
  3 ball pythons
  6 bats
  A frilled lizard (D:2)
  3 rats
40 creatures vanquished.

Notes
Turn   | Place    | Note
-------+----------+-------------------------------------------
     0 | D:1      | sammy202020 the Palentonga Berserker began the quest for
                  | the Orb.
     0 | D:1      | Reached XP level 1. HP: 19/19 MP: 1/1
   276 | D:1      | Reached XP level 2. HP: 25/25 MP: 2/2
  1179 | D:2      | Reached XP level 3. HP: 31/31 MP: 3/3
  1537 | D:2      | Reached ** piety under Trog
  1977 | D:3      | HP: 2/46 [adder (2)]
  1981 | D:3      | Slain by a rat

Illustrated notes

Levels and vault maps discovered:
D:1:      dpeg_arrival_water_fire, layout_basic, minmay_misc_feat_square,
          roderic_serpentine_path, hangedman_decor_points,
          minmay_large_rounded_square
D:2:      layout_loops_ring, kennysheep_generic_room_13
D:3:      minmay_angry_zag, layout_rooms, nrook_mini_backslash

Skill      XL: |  1  2 |
---------------+-------+-----
Armour         | 2 |  2.2
Dodging        | 2 |  2.2
Fighting       | |  3.5
Maces & Flails | |  3.5

Action                   || total
-------------------------++-------
Melee: Mace              ||    95
       Tailslap          ||    10
Invok: Berserk           ||     1
       Trog's Hand       ||     1
 Abil: Rolling Charge    ||     8
Armor: Animal skin       ||    18
       Chain mail        ||    61
Dodge: Dodged            ||    44

Table legend: (Time is in decaauts)
 A = Elapsed time spent in this place.
 B = Non-inter-level travel time spent in this place.
 C = Inter-level travel time spent in this place.
 D = Time resting spent in this place.
 E = Time spent auto-exploring this place.
 F = Levels seen in this place.
 G = Mean time per level.
                   A        B        C        D        E       F      G
               +--------+--------+--------+--------+--------+-----+--------+
         Total |   1999 |   1948 |     51 |      0 |   1666 |   3 |  666.3 |
       Dungeon |   1999 |   1948 |     51 |      0 |   1666 |   3 |  666.3 |
               +--------+--------+--------+--------+--------+-----+--------+

Top non-repeatable levels by time:
     D:1: 1150 daAuts
     D:2: 814 daAuts
     D:3: 35 daAuts
